 Dungeon Crawl Stone Soup version 0.31-a0-237-g2d982f9f85 (webtiles) character file.

Game seed: 6221945288216527741

101 lunkers the Ducker (level 5, 0/38 HPs)
             Began as a Meteoran Wanderer on July 11, 2023.
             Was an Initiate of Dithmenos.
             Killed by divine providence
             ... invoked by an orc priest
              (11 damage)
             ... on level 3 of the Dungeon.
             The game lasted 00:03:03 (1257 turns).

lunkers the Ducker (Meteoran Wanderer)              Turns: 1257, Time: 00:03:03

Health: 0/38       AC:  5    Str: 12    XL:     5   Next: 26%
Magic:  6/6        EV: 13    Int: 11    God:    Dithmenos [......]
Gold:   135        SH:  6    Dex: 17    Spells: 4/4 levels left

rFire   + . .        j - +0 dagger (distort)
rCold   . . .        f - +2 buckler "Hiral" {rF+ Will++ Dex-2 SInv}
rNeg    . . .        b - +2 leather armour
rPois   .            (no helmet)
rElec   .            (no cloak)
rCorr   .            (no gloves)
SInv    +            (no boots)
Will    ++...        (no amulet)
Stlth   +            (no ring)
HPRegen 0.26/turn    (no ring)
MPRegen 0.10/turn

%: no passive effects
@: glowing
A: sense surroundings 1, otherworldly, glowing, explore regen
a: Renounce Religion


You were on level 3 of the Dungeon.
You worshipped Dithmenos.
Dithmenos was noncommittal.
You visited 1 branch of the dungeon, and saw 3 of its levels.

You collected 135 gold pieces.

Inventory:

Hand Weapons
 a - a +0 falchion
 j - a +0 dagger of distortion (weapon)
Armour
 b - a +2 leather armour (worn)
 e - an orb of wrath
 f - the +2 buckler "Hiral" (worn) {rF+ Will++ Dex-2 SInv}
   (You found it on level 2 of the Dungeon)

   Dex:       It affects your dexterity (-2).
   rF:        It protects you from fire.
   SInv:      It lets you see invisible.
   Will:      It greatly increases your willpower.
Jewellery
 h - a ring of protection from fire
Scrolls
 c - a scroll of silence
 d - 3 scrolls of fear
 k - a scroll of identify {unknown}
 l - a scroll of vulnerability {unknown}
 m - a scroll of torment {unknown}
 n - a scroll of fog {unknown}
 p - a scroll of blinking {unknown}
 q - a scroll of revelation {unknown}
 r - a scroll of noise {unknown}
Potions
 g - a potion of degeneration {unknown}
 i - a potion of heal wounds {unknown}
 o - a potion of ambrosia {unknown}


   Skills:
 + Level 2.9(3.8) Short Blades
 - Level 4.0(4.6) Long Blades
 - Level 3.6 Armour
 - Level 4.8 Dodging
 - Level 2.4 Evocations


You had 4 spell levels left.
You didn't know any spells.
Your spell library was empty.

Dungeon Overview and Level Annotations

Branches:
Dungeon (3/15) Zot: 540

Altars:
Dithmenos


Innate Abilities, Weirdness & Mutations

You passively map a small area around you.
You are easily found by Zot.
You glow in the dark.
You regain HP and MP as you explore.


Message History

The orc priest hits you but does no damage.
The adder completely misses you.
You closely miss the orc wizard.
The orc wizard is heavily wounded.
The adder barely misses you. The orc wizard barely misses you.
The orc completely misses you. You block the orc priest's attack.
You hit the orc wizard but do no damage.
Space warps around the orc wizard.
The orc wizard is severely wounded.
You feel sick. The adder bites you but does no damage.
The orc wizard hits you but does no damage.
The orc closely misses you.
The orc priest mumbles some strange prayers to Beogh against you.
Beogh smites you!
* * * LOW HITPOINT WARNING * * *
You hit the orc priest.
The orc priest is lightly wounded.
You feel sick. The adder bites you but does no damage.
You hit the orc priest but do no damage.
The orc priest is lightly wounded.
You feel sick. You block the orc wizard's attack. The orc closely misses you.
The orc priest looks encouraged for a moment.
The adder closely misses you.
You barely miss the orc priest.
The orc priest is lightly wounded.
You feel sick.
You are no longer poisoned.
The adder bites you.
* * * LOW HITPOINT WARNING * * *
The orc wizard hits you but does no damage.
You block the orc's attack.
The orc priest hits you but does no damage.
You barely miss the orc priest.
The orc priest is lightly wounded.
The adder bites you but does no damage.
The orc wizard hits you but does no damage.
The orc barely misses you.
The orc priest calls down the wrath of Beogh upon you.
Beogh smites you!
You die...

###
#######.################
,
...................<....
............############
#######.####### * *
#......... * #..#......
,, #..S...... ,, *
#o@#....S.
,#.....oo#...... , ,
#?#####.# ..... * * * *
, .?. ..... , , * #..
.... , .... .... * , + ,
.... , .....# , , #####
** #....# ** .##.#
#....#,


You could see an orc priest, an orc wizard (invisible), an adder and an orc.

Vanquished Creatures
  4 adders
  2 worms (D:3)
  A dart slug (D:3)
  2 orcs (D:3)
  6 bats
  2 endoplasms (D:2)
  10 giant cockroaches
  5 goblins
  A hobgoblin (D:3)
  6 jackals
  A quokka (D:2)
  3 kobolds
  6 rats
49 creatures vanquished.

Notes
Turn   | Place    | Note
-------+----------+-------------------------------------------
     0 | D:1      | lunkers the Meteoran Wanderer began the quest for the Orb.
     0 | D:1      | lunkers set off with the following items: a +0 falchion, a
                  | +2 leather armour, a scroll of silence, a scroll of fear.
     0 | D:1      | Reached XP level 1. HP: 14/14 MP: 2/2
    87 | D:1      | Reached XP level 2. HP: 17/20 MP: 3/3
   307 | D:2      | Found a shadowy altar of Dithmenos.
   321 | D:2      | Reached XP level 3. HP: 16/26 MP: 4/4
   381 | D:2      | Identified the +2 buckler "Hiral" {rF+ Will++ Dex-2 SInv}
   543 | D:2      | Reached XP level 4. HP: 30/33 MP: 5/5
   555 | D:2      | Reached skill level 1 in Short Blades
   763 | D:2      | Became a worshipper of Dithmenos the Shadowed
  1045 | D:3      | Reached XP level 5. HP: 38/38 MP: 6/6
  1257 | D:3      | Killed from afar by an orc priest

Illustrated notes

Levels and vault maps discovered:
D:1:      dpeg_arrival_houses_and_road, layout_loops_cross,
          shapermc_ecumenical_altar_mp_vishouse, minmay_misc_feat_hallway
D:2:      layout_basic, basic_altar, st_stairs_10
D:3:      minmay_roachtagon, layout_basic, serial_shops, shop,
          nicolae_shop_temple_entry_statues_fountains

Skill      XL: |  1  2  3  4 |
---------------+-------------+-----
Long Blades    | 2 3 4 |  4.0
Short Blades   | 2 |  2.9
Armour         | |  3.6
Dodging        | |  4.8
Evocations     | |  2.4

Action                     |  1- 3 |  4- 6 || total
---------------------------+-------+-------++-------
  Melee: Falchion          |    69 |       ||    69
         Dagger            |       |    87 ||    87
 Armour: Leather armour    |    27 |    39 ||    66
  Dodge: Dodged            |    48 |    46 ||    94
  Block: Buckler           |     4 |    29 ||    33

Table legend: (Time is in decaauts)
 A = Elapsed time spent in this place.
 B = Non-inter-level travel time spent in this place.
 C = Inter-level travel time spent in this place.
 D = Time resting spent in this place.
 E = Time spent auto-exploring this place.
 F = Levels seen in this place.
 G = Mean time per level.
                   A        B        C        D        E       F      G
               +--------+--------+--------+--------+--------+-----+--------+
         Total |   1258 |   1167 |     91 |      0 |    812 |   3 |  419.3 |
       Dungeon |   1258 |   1167 |     91 |      0 |    812 |   3 |  419.3 |
               +--------+--------+--------+--------+--------+-----+--------+

Top non-repeatable levels by time:
     D:2: 492 daAuts
     D:3: 455 daAuts
     D:1: 311 daAuts
